 Dungeon Crawl Stone Soup version 0.22-a0-803-gd6d8abeff0 (webtiles) character file.

52362 Bergy the Peltast (level 14, -24/126 HPs)
             Began as a Minotaur Fighter on July 22, 2018.
             Was a High Priest of Makhleb.
             Annihilated by an azure jelly (44 damage)
             ... on level 5 of the Lair of Beasts.
             The game lasted 01:47:15 (20216 turns).

Bergy the Peltast (Minotaur Fighter)               Turns: 20216, Time: 01:47:15

Health: -24/126    AC: 12    Str: 30    XL:     14   Next: 26%
Magic:  0/13       EV:  7    Int:  5    God:    Makhleb [*****.]
Gold:   753        SH: 23    Dex: 11    Spells: 13/13 levels left

rFire    + . .     SeeInvis .   q - +2 broad axe (venom)
rCold    x . .     Gourm    .   z - +0 large shield of the Unseen Realm {Str+5}
rNeg     . . .     Faith    .   u - +1 plate armour
rPois    .         Spirit   +   (helmet restricted)
rElec    .         Reflect  .   I - scarf {cloud immunity}
rCorr    .         Harm     .   (no gloves)
MR       +....                  (no boots)
Stlth    ..........             i - amulet of guardian spirit
HPRegen  0.31/turn              x - ring of flight
MPRegen  0.13/turn              D - ring of fire

@: corroded
A: retaliatory headbutt, horns 2
a: Minor Destruction, Lesser Servant of Makhleb, Major Destruction, Greater
Servant of Makhleb, Renounce Religion, Evoke Flight


You were on level 5 of the Lair of Beasts.
You worshipped Makhleb.
Makhleb was extremely pleased with you.
You were not hungry.

You visited 4 branches of the dungeon, and saw 18 of its levels.

You collected 1038 gold pieces.
You spent 285 gold pieces at shops.

Inventory:

Hand Weapons
 a - a +2 war axe
 q - a +2 broad axe of venom (weapon)
 s - a +0 flail of crushing
Armour
 u - a +1 plate armour (worn)
 z - the +0 large shield of the Unseen Realm (worn) {Str+5}
   (You bought it in a shop on level 7 of the Dungeon)

   It affects your strength (+5).
 I - a scarf of cloud immunity (worn)
 N - the cursed +0 leather armour of Baedgh {rF+ rCorr}
   (You found it on level 5 of the Lair of Beasts)

   It protects you from fire.
   It provides partial protection from all sources of acid and corrosion.
   It has a curse placed upon it.
Jewellery
 i - an amulet of guardian spirit (around neck)
 m - an uncursed ring of poison resistance {unknown}
 x - a ring of flight (left hand)
 D - a ring of fire (right hand)
 L - an uncursed ring of protection from fire {unknown}
Wands
 b - a wand of disintegration (28)
 w - a wand of acid (14)
 G - a wand of flame (17)
 H - a wand of paralysis (13)
Scrolls
 e - a scroll of summoning {unknown}
 k - 2 scrolls of blinking
 l - 3 scrolls of enchant weapon
 o - 6 scrolls of remove curse
 p - 3 scrolls of teleportation
 t - a scroll of acquirement
 v - 2 scrolls of enchant armour
 y - 2 scrolls of amnesia
 A - a scroll of brand weapon {unknown}
 F - a scroll of noise {unknown}
 J - 2 scrolls of immolation {unknown}
 M - 2 scrolls of magic mapping {unknown}
Potions
 c - a potion of ambrosia
 g - 2 potions of mutation {unknown}
 h - 4 potions of curing
 j - a potion of flight {unknown}
 n - a potion of brilliance {unknown}
 r - 2 potions of resistance {unknown}
 B - a potion of cancellation {unknown}
 E - a potion of haste {unknown}
Miscellaneous
 C - a box of beasts
 K - a lightning rod (4/4)
Comestibles
 f - 39 rations


   Skills:
 + Level 12.0 Fighting
 + Level 16.0 Axes
 + Level 12.1 Armour
 - Level 0.3 Dodging
 - Level 0.5 Stealth
 + Level 18.0 Shields
 + Level 1.2 Invocations


You had 13 spell levels left.
You didn't know any spells.
Your spell library contained the following spells:

 Spells                   Type           Power        Failure   Level  Hunger
 Magic Dart               Conj           #...         100%        1    ##.....
 Confuse                  Hex            #.......     100%        3    ####...
 Summon Small Mammal      Summ           #...         100%        1    ##.....
 Iskenderun's Mystic Bla  Conj           #.......     100%        4    #####..
 Animate Dead             Necr           N/A          100%        4    #####..
 Pain                     Necr           #...         100%        1    ##.....
 Animate Skeleton         Necr           N/A          100%        1    ##.....
 Vampiric Draining        Necr           #.........   100%        3    ####...
 Summon Ice Beast         Ice/Summ       #.......     100%        4    #####..
 Call Imp                 Summ           #.......     100%        2    ###....
 Regeneration             Chrm/Necr      #.........   100%        3    ####...
 Confusing Touch          Hex            #.....       100%        1    ##.....
 Call Canine Familiar     Summ           #.......     100%        3    ####...
 Metabolic Englaciation   Hex/Ice        #.........   100%        5    ######.
 Petrify                  Tmut/Erth      #.......     100%        4    #####..
 Fulminant Prism          Conj/Hex       #.........   100%        4    #####..
 Dazzling Spray           Conj/Hex       #.....       100%        3    ####...
 Force Lance              Conj/Tloc      #.......     100%        4    #####..
 Searing Ray              Conj           #.....       100%        2    ###....
 Summon Lightning Spire   Summ/Air       #.......     100%        4    #####..
 Summon Guardian Golem    Hex/Summ       #.......     100%        3    ####...
 Gell's Gravitas          Tloc           #.........   100%        3    ####...
 Yara's Violent Unravell  Hex/Tmut       #.........   100%        5    ######.


Dungeon Overview and Level Annotations

Branches:
Dungeon (10/15)            Temple (1/1) D:4            Lair (6/6) D:10
  Swamp (0/4) Lair:2        Slime (1/5) Lair:5
  Snake: Lair:2-4    Spider: Lair:2-4       Orc: D:9-12

Altars:
Ashenzari
Cheibriados
Dithmenos
Elyvilon
Fedhas
Gozag
Hepliaklqana
Kikubaaqudgha
Makhleb
Nemelex Xobeh
Okawaru
Qazlal
Ru
Sif Muna
Trog
Uskayaw
Vehumet
Wu Jian
Xom
Yredelemnul
Zin
The Shining One
Lugonu

Shops:
D:7 *%*[:   D:9 *


Innate Abilities, Weirdness & Mutations

You reflexively headbutt those who attack you in melee.
You have a pair of horns on your head.


Message History

You slice the azure jelly!! Your headbutt misses the azure jelly.
The azure jelly is severely wounded.
You block the azure jelly's attack.
The azure jelly hits you but does no damage.
The azure jelly hits you. You block the azure jelly's attack.
You hit the azure jelly.
You headbutt the azure jelly, but do no damage.
The azure jelly is severely wounded.
The azure jelly hits you. The azure jelly freezes you!!!
You feel a terrible chill! The azure jelly hits you.
The azure jelly freezes you!!
You feel a terrible chill!
* * * LOW HITPOINT WARNING * * *
You block the azure jelly's attack.
The azure jelly hits you but does no damage.
You feel better.
The azure jelly hits you but does no damage.
The azure jelly hits you.
* * * LOW HITPOINT WARNING * * *
The azure jelly freezes you!!!
You feel a terrible chill!
You die...

#####......#.###...P.....##.##...
.....#.....### #.................
............####P...P............
.............[.............P#....
....#.......###...##........#....
....###.....# #...###......#.##..
...####.....###....#..........#..
...###...........J...........#...
....#...........@.............#..
#........).......................
..#..#......###....##............
...#........##....###............
.........#..##....##.............
.................................
..........#........P.....#†......
...P....##(.............#.....P..
...#.<..P#P...#..#...P.......P...


You could see an azure jelly.

Vanquished Creatures
  Gastronok (Lair:3)
  An orc warlord (D:7)
  Nessos (Lair:6)
  The ghost of Faustar the Thaumaturge, a journeyman DEWz of Sif Muna (Lair:6)
  A fire dragon (Lair:6)
  6 hydras
  A catoblepas (Lair:4)
  An anaconda (Lair:6)
  3 two-headed ogres
  6 death yaks
  A lindwurm (Lair:6)
  Pikel (D:9)
  An orc knight (D:7)
  5 elephants (Lair:4)
  Psyche (D:9)
  5 black mambas
  2 molten gargoyles (Lair:6)
  A gargoyle (D:10)
  5 spiny frogs
  4 rime drakes
  11 komodo dragons
  A queen bee (D:9)
  2 polar bears (Lair:6)
  A troll (D:10)
  A slime creature (Lair:5)
  13 blink frogs
  Grinder (D:5)
  13 hippogriffs
  2 bog bodies (Lair:2)
  24 yaks
  14 wyverns
  Eustachio (D:5)
  11 basilisks
  Grum (D:8)
  2 steam dragons (Lair:6)
  3 swamp worms (Lair:2)
  18 wargs (D:7)
  5 water moccasins
  5 hell hounds (Lair:6)
  4 porcupines
  5 sky beasts
  7 orc warriors (D:7)
  A phantom (D:6)
  A necrophage (D:7)
  4 ogres
  A black bear (D:7)
  18 wolves
  A centaur (D:9)
  7 crocodiles
  3 big kobolds
  9 bullfrogs
  2 wyvern skeletons
  2 scorpions
  19 killer bees
  4 howler monkeys
  An electric eel (Lair:2)
  4 crimson imps
  5 lava snakes (Lair:6)
  2 hounds
  A gnoll shaman (D:4)
  5 jellies
  A bullfrog zombie (D:7)
  A centaur skeleton (D:5)
  4 orc priests
  A bullfrog skeleton (D:5)
  3 iguanas
  Jessica (D:2)
  An orc wizard (D:4)
  4 worker ants
  A hound skeleton (D:6)
  Robin (D:2)
  2 worker ant zombies
  5 gnolls (D:4)
  11 adders
  2 shadow imps
  3 worms
  3 dart slugs
  7 leopard geckos
  53 orcs
  4 giant cockroaches
  15 hobgoblins
  9 jackals
  13 kobolds
  4 quokkas
  2 ball pythons (D:2)
  8 bats
  7 frilled lizards
  17 goblins
  A jackal skeleton (D:4)
  A quokka skeleton (D:6)
  7 rats
  3 fungi
  8 plants
486 creatures vanquished.

Vanquished Creatures (collateral kills)
  A hydra (Lair:3)
  A crocodile (Lair:6)
2 creatures vanquished.

Vanquished Creatures (others)
  An orc wizard (D:4)
  A quokka (D:9)
  A fungus (Lair:6)
  2 plants (D:10)
5 creatures vanquished.

Grand Total: 493 creatures vanquished

Notes
Turn   | Place    | Note
-------+----------+-------------------------------------------
     0 | D:1      | Bergy the Minotaur Fighter began the quest for the Orb.
     0 | D:1      | Reached XP level 1. HP: 19/19 MP: 0/0
   151 | D:1      | Reached XP level 2. HP: 24/27 MP: 1/1
   831 | D:2      | Noticed Robin
   835 | D:2      | Reached XP level 3. HP: 25/33 MP: 2/2
   839 | D:2      | Killed Robin
  1002 | D:2      | Reached XP level 4. HP: 25/41 MP: 3/3
  1157 | D:2      | Noticed Jessica
  1172 | D:2      | Killed Jessica
  1172 | D:2      | Reached skill level 5 in Axes
  1834 | D:3      | Reached XP level 5. HP: 47/47 MP: 4/4
  2019 | D:3      | Found a radiant altar of Vehumet.
  2034 | D:3      | Found an ancient bone altar of Kikubaaqudgha.
  2038 | D:3      | Found a deep blue altar of Sif Muna.
  2041 | D:3      | Identified Kikubaaqudgha's Papyrus of Unholy Rites
  2069 | D:3      | Found a shattered altar of Ashenzari.
  2993 | D:4      | Reached XP level 6. HP: 53/53 MP: 5/5
  3288 | D:4      | Reached skill level 5 in Fighting
  3303 | D:4      | Found a staircase to the Ecumenical Temple.
  3332 | Temple   | Entered the Ecumenical Temple
  3360 | Temple   | Became a worshipper of Makhleb the Destroyer
  3675 | D:4      | Reached XP level 7. HP: 54/61 MP: 6/6
  3862 | D:5      | Entered Level 5 of the Dungeon
  3998 | D:5      | HP: 3/61 [something (6)]
  4289 | D:5      | Reached skill level 4 in Shields
  4837 | D:5      | Noticed Eustachio
  4865 | D:5      | Reached XP level 8. HP: 70/70 MP: 7/7
  4886 | D:5      | Killed Eustachio
  5099 | D:5      | Reached skill level 5 in Armour
  5143 | D:5      | Reached * piety under Makhleb
  5143 | D:5      | Reached skill level 10 in Axes
  5304 | D:5      | Found a basalt altar of Yredelemnul.
  5331 | D:5      | Noticed Grinder
  5343 | D:5      | Killed Grinder
  5343 | D:5      | Reached skill level 5 in Shields
  6978 | D:7      | Reached XP level 9. HP: 28/79 MP: 4/8
  7216 | D:7      | Found an ornate altar of the Wu Jian Council.
  7256 | D:7      | Found Plog's Book Emporium.
  7406 | D:7      | Found Gucw's Antique Armour Shop.
  7419 | D:7      | Bought a heavily runed large shield for 285 gold pieces
  7419 | D:7      | Identified the cursed +0 large shield of the Unseen Realm {Str+5} (You bought it in a shop on level 7 of the Dungeon)
  7452 | D:7      | Found Byosogg's Food Emporium.
  7461 | D:7      | Reached skill level 6 in Shields
  7634 | D:7      | Found a shimmering altar of Xom.
  7636 | D:7      | Found a hazy altar of Hepliaklqana.
  7637 | D:7      | Noticed a spectral ugly thing
  7709 | D:7      | Reached skill level 7 in Shields
  8137 | D:7      | Noticed an orc knight
  8257 | D:7      | Reached skill level 8 in Shields
  8270 | D:7      | Reached XP level 10. HP: 88/88 MP: 9/9
  8293 | D:7      | Reached ** piety under Makhleb
  8498 | D:7      | Reached skill level 9 in Shields
  8498 | D:7      | Noticed an orc warlord
  8503 | D:7      | Killed an orc knight
  8854 | D:7      | Reached skill level 10 in Shields
  8878 | D:7      | Killed an orc warlord
  9336 | D:7      | Found Nyaciurr's General Store.
  9419 | D:7      | Found Hafokue's Assorted Antiques.
  9769 | D:8      | Found a glowing golden altar of the Shining One.
  9774 | D:8      | Noticed a two-headed ogre
  9785 | D:8      | Killed a two-headed ogre
  9785 | D:8      | Reached skill level 11 in Shields
  9785 | D:8      | Reached XP level 11. HP: 84/97 MP: 7/10
  9840 | D:8      | Noticed Grum
  9853 | D:8      | Reached *** piety under Makhleb
  9864 | D:8      | Killed Grum
 10001 | D:8      | Found a bloodstained altar of Trog.
 10360 | D:9      | Noticed Pikel
 10434 | D:9      | Killed Pikel
 10652 | D:9      | Noticed Psyche
 10670 | D:9      | Killed Psyche
 10670 | D:9      | Reached skill level 12 in Shields
 10899 | D:9      | Noticed a two-headed ogre
 10904 | D:9      | Killed a two-headed ogre
 11007 | D:9      | Found an iron altar of Okawaru.
 11007 | D:9      | Found a blossoming altar of Fedhas.
 11007 | D:9      | Found a shadowy altar of Dithmenos.
 11007 | D:9      | Found an ornate altar of the Wu Jian Council.
 11020 | D:9      | Found a sacrificial altar of Ru.
 11022 | D:9      | Found a glowing silver altar of Zin.
 11313 | D:9      | Found Quonuac's Assorted Antiques.
 11336 | D:10     | Entered Level 10 of the Dungeon
 11564 | D:10     | Found a staircase to the Lair.
 11702 | D:10     | Reached **** piety under Makhleb
 11879 | D:10     | Noticed a two-headed ogre
 11891 | D:10     | Killed a two-headed ogre
 11891 | D:10     | Reached skill level 13 in Shields
 12365 | Lair:1   | Entered Level 1 of the Lair of Beasts
 12451 | Lair:1   | Reached skill level 10 in Armour
 12657 | Lair:1   | Reached skill level 10 in Fighting
 13497 | Lair:2   | Reached XP level 12. HP: 106/106 MP: 11/11
 14193 | Lair:2   | Found a staircase to the Swamp.
 15063 | Lair:3   | Reached skill level 14 in Shields
 15373 | Lair:3   | Noticed an eight-headed hydra
 15382 | Lair:3   | Killed an eight-headed hydra
 15694 | Lair:3   | Noticed Gastronok
 15721 | Lair:3   | Killed Gastronok
 16099 | Lair:4   | Reached skill level 15 in Axes
 16180 | Lair:4   | Noticed a catoblepas
 16199 | Lair:4   | Killed a catoblepas
 16297 | Lair:4   | Noticed an eight-headed hydra
 16305 | Lair:4   | Killed an eight-headed hydra
 16356 | Lair:4   | You fall through a shaft!
 16365 | Lair:5   | Noticed a four-headed hydra
 16379 | Lair:6   | Entered Level 6 of the Lair of Beasts
 16383 | Lair:6   | Killed a four-headed hydra
 16383 | Lair:6   | Reached XP level 13. HP: 70/114 MP: 5/12
 16555 | Lair:5   | Reached skill level 15 in Shields
 16567 | Lair:5   | Reached skill level 1 in Invocations
 16599 | Lair:5   | Reached ***** piety under Makhleb
 16772 | Lair:5   | Found a staircase to the Slime Pits.
 17403 | Lair:5   | Got a scorched leather armour
 17418 | Lair:5   | Identified the cursed +0 leather armour of Baedgh {rF+ rCorr} (You found it on level 5 of the Lair of Beasts)
 17714 | Lair:6   | Found a runed gate.
 17714 | Lair:6   | Noticed Faustar's ghost (journeyman DEWz)
 17720 | Lair:6   | Found a runed gate.
 17722 | Lair:6   | Found a runed gate.
 17745 | Lair:6   | Reached skill level 16 in Shields
 18081 | Lair:6   | Noticed Nessos
 18123 | Lair:6   | HP: 6/174 [Nessos/uncursed staff of cold (20)]
 18129 | Lair:6   | Killed Nessos
 18530 | Lair:6   | Reached skill level 17 in Shields
 18539 | Lair:6   | Found a large runed door.
 18689 | Lair:6   | Noticed a fire dragon
 18702 | Lair:6   | Reached XP level 14. HP: 120/125 MP: 11/13
 18738 | Lair:6   | Found a large runed door.
 19983 | Lair:6   | Killed Faustar's ghost
 19983 | Lair:6   | Reached skill level 18 in Shields
 20204 | Lair:5   | Identified 2 scrolls of acquirement
 20209 | Slime:1  | Entered Level 1 of the Pits of Slime
 20209 | Slime:1  | Noticed an azure jelly
 20209 | Slime:1  | Noticed an acid blob
 20209 | Slime:1  | Noticed an acid blob
 20209 | Slime:1  | Noticed an acid blob
 20216 | Lair:5   | Annihilated by an azure jelly

Vault maps used:
D:1:      roderic_crossed_star, chequers_big_river, minmay_tetromino_i2
D:2:      uniq_robin, uniq_jessica
D:3:      grunt_temple_overflow_magic_moments, portal_sewer_entry_e,
          cheibrodos_ashenzari_chains
D:4:      minmay_temple_entry_mist, first_ration, lexackson_kobold_supper
D:5:      lemuel_round_altar, uniq_grinder, uniq_eustachio
D:6:      eino_curves_01
D:7:      lemuel_castle_with_subvaults, regret_index_temple_of_mockery,
          basic_altar, serial_shops,
          nicolae_shop_temple_entry_statues_fountains, kennysheep_mini_moat,
          shop_coins, nicolae_shop_crystal, shop
D:8:      old_standard_altar, old_standard_altar, uniq_grum
D:9:      minmay_overflow_temple_hex, special_room, serial_shops, shop_statue,
          grunt_ogre_cave, uniq_pikel, uniq_psyche
D:10:     dpeg_oklobed_lair, special_room
Temple:   corrupted_temple
Lair:1:   lemuel_fruit_fields
Lair:2:   nicolae_swamp_entry_splash_gauntlet
Lair:3:   uniq_gastronok
Lair:4:   dummy_spider_entry, lemuel_fruit_tree
Lair:5:   minmay_slime_entry_pillars, special_room
Lair:6:   cheibrodos_lair_end_hotspot, gammafunk_ghost_split,
          serial_bayou_shore_a, infiniplex_staircase_pool, uniq_nessos

Skill      XL: |  1  2  3  4  5  6  7  8  9 10 11 12 13 14 |
---------------+-------------------------------------------+-----
Axes           | 3 4 5 7 8 9 10 11 12 13 15 16 | 16.0
Fighting       | 4 5 7 8 9 10 11 12 | 12.0
Armour         | 4 6 8 9 10 11 12 | 12.1
Shields        | 4 5 8 11 13 14 17 18 | 18.0
Invocations    | 1 |  1.2
Dodging        | |  0.3
Stealth        | |  0.5

Action                   |  1- 3 |  4- 6 |  7- 9 | 10-12 | 13-15 || total
-------------------------+-------+-------+-------+-------+-------++-------
Melee: War axe           |    83 |   160 |   334 |   731 |   478 ||  1786
       Headbutt          |    17 |    24 |    59 |   180 |   117 ||   397
       Flail             |       |       |       |    16 |    25 ||    41
       Broad axe         |       |       |       |       |     4 ||     4
Invok: Lesser Servant of |       |       |       |     3 |     1 ||     4
 Abil: Evoke Flight      |       |       |       |     1 |       ||     1
Evoke: Wand              |       |       |       |     1 |     1 ||     2
  Use: Scroll            |       |     4 |    10 |     4 |     7 ||    25
       Potion            |       |       |       |     4 |     9 ||    13
 Stab: Distracted        |       |       |       |       |     1 ||     1
  Eat: Chunk             |       |     9 |     8 |    16 |     7 ||    40
       Ration            |       |       |     2 |     3 |     2 ||     7
Armor: Scale mail        |    31 |    42 |       |       |       ||    73
       Chain mail        |       |    28 |    42 |       |       ||    70
       Plate armour      |       |       |    86 |   198 |   181 ||   465
       Skin              |       |       |       |       |     5 ||     5
Dodge: Dodged            |    17 |    47 |    44 |    94 |    55 ||   257
Block: Shield            |    28 |    81 |    84 |       |       ||   193
       Large shield      |       |       |    88 |   655 |   572 ||  1315

Table legend:
 A = Spawn XP
 B = Non-spawn XP
 C = Spawn XP percentage of total XP
 D = Spawn monster count
 E = Non-spawn monster count
 F = Spawn count percentage of total count
 G = Total turns spent on level
                    A         B        C        D         E        F      G
               +---------+---------+-------+---------+---------+-------+---------
         Total |       0 |   74803 |   0.0 |       0 |     478 |   0.0 | 20216
               +---------+---------+-------+---------+---------+-------+---------
           D:1 |       0 |      31 |   0.0 |       0 |      21 |   0.0 |   798
           D:2 |       0 |     154 |   0.0 |       0 |      39 |   0.0 |  1028
           D:3 |       0 |     142 |   0.0 |       0 |      20 |   0.0 |   955
           D:4 |       0 |     451 |   0.0 |       0 |      30 |   0.0 |  1038
           D:5 |       0 |    1398 |   0.0 |       0 |      26 |   0.0 |  1626
           D:6 |       0 |     245 |   0.0 |       0 |       7 |   0.0 |   945
           D:7 |       0 |    7712 |   0.0 |       0 |      73 |   0.0 |  3202
           D:8 |       0 |    2502 |   0.0 |       0 |      20 |   0.0 |   540
           D:9 |       0 |    4378 |   0.0 |       0 |      27 |   0.0 |  1161
          D:10 |       0 |    3596 |   0.0 |       0 |      40 |   0.0 |  1029
        Lair:1 |       0 |    1001 |   0.0 |       0 |       5 |   0.0 |  1100
        Lair:2 |       0 |    3650 |   0.0 |       0 |      20 |   0.0 |  1406
        Lair:3 |       0 |    6224 |   0.0 |       0 |      16 |   0.0 |  1129
        Lair:4 |       0 |    5771 |   0.0 |       0 |      14 |   0.0 |   356
        Lair:5 |       0 |   13656 |   0.0 |       0 |      53 |   0.0 |  1179
        Lair:6 |       0 |   23892 |   0.0 |       0 |      67 |   0.0 |  2679
               +---------+---------+-------+---------+---------+-------+---------
